 Dungeon Crawl Stone Soup version 0.27-a0-686-gaed091b46b (webtiles) character file.

Game seed: 15314154486360345818

4 sahdkjhfkaj the Charlatan (level 1, -2/17 HPs)
             Began as a Draconian Artificer on Mar 20, 2021.
             Slain by a kobold
             ... wielding a +0 dagger
              (5 damage)
             ... on level 1 of the Dungeon.
             The game lasted 00:00:14 (499 turns).

sahdkjhfkaj the Charlatan (Draconian Artificer)      Turns: 499, Time: 00:00:15

Health: -2/17      AC:  4    Str: 14    XL:     1   Next: 58%
Magic:  1/1        EV: 12    Int: 11    God:
Gold:   16         SH:  0    Dex: 11    Spells: 0/0 levels left

rFire    . . .     SeeInvis .   a - +0 club
rCold    . . .     Faith    .   (no shield)
rNeg     . . .     Spirit   .   (armour unavailable)
rPois    .         Reflect  .   (helmet restricted)
rElec    .         Harm     .   (no cloak)
rCorr    .         Rampage  .   (no gloves)
Will     .....                  (no boots)
Stlth    +.........             (no amulet)
HPRegen  0.05/turn              (no ring)
MPRegen  0.07/turn              (no ring)

@: no status effects
A: AC +4, unfitting armour, cold-blooded
a: no special abilities


You were on level 1 of the Dungeon.
You visited 1 branch of the dungeon, and saw 1 of its levels.

You collected 16 gold pieces.

Inventory:

Hand Weapons
 a - a +0 club (weapon)
Wands
 b - a wand of flame (15) (quivered)
 c - a wand of charming (14)
 d - a wand of random effects (15)
Potions
 e - a potion of attraction {unknown}


   Skills:
 + Level 1.9 Fighting
 - Level 2.1 Dodging
 - Level 0.8 Stealth
 - Level 3.0 Evocations


You couldn't memorise any spells.
You didn't know any spells.
Your spell library was empty.

Dungeon Overview and Level Annotations

Branches:
Dungeon (1/15)

Altars:


Innate Abilities, Weirdness & Mutations

Your plain brown scales are hard. (AC +4)
You cannot fit into any form of body armour.
You are cold-blooded and may be slowed by cold attacks.


Message History

You now have 16 gold pieces (gained 12).
Found a stone staircase leading down.
No target in view!
There is a stone staircase leading down here.
A kobold comes into view.
It is wielding a +0 short sword of flaming.
A kobold is nearby!
A ball python comes into view.
The ball python hisses angrily.
The kobold shouts!
You hear a shout!
You closely miss the kobold.
Your tail-slap misses the kobold.
The kobold hits you with a +0 short sword of flaming!
The kobold burns you.
A kobold comes into view. It is wielding a +0 dagger.
The kobold hits you with a +0 short sword of flaming.
* * * LOW HITPOINT WARNING * * *
The kobold burns you.
* * * LOW HITPOINT WARNING * * *
You are too injured to fight recklessly!
You are too injured to fight recklessly!
You are too injured to fight recklessly!
You are too injured to fight recklessly!
You are too injured to fight recklessly!
You are too injured to fight recklessly!
You are too injured to fight recklessly!
Aiming: Charm
Press: ? - help, Shift-Dir - straight line, f - kobold
Aim: a kobold, wielding a +0 short sword of flaming (chance to affect: 71%)
The kobold is charmed.
The ball python misses your kobold.
The ball python closely misses your kobold. x2
The ball python grabs your kobold. The ball python constricts your kobold.
Your kobold barely misses the ball python.
The ball python bites your kobold. The ball python constricts your kobold.
Your kobold hits the ball python with a +0 short sword of flaming.
Your kobold burns the ball python.
The ball python dies!
The kobold closely misses your kobold.
The kobold hits your kobold with a +0 dagger.
Your kobold dies!
You closely miss the kobold.
Your tail-slap misses the kobold.
The kobold hits you with a +0 dagger.
You die...

#####
########...#
......K@...#
...
########...#
... ##.##
#.# #.# #.#
#.# #.#
###.### #.#
#.....# #.#
#.....#
####.#
#.....#


You could see a kobold.

Vanquished Creatures
  A giant cockroach (D:1)
  2 jackals (D:1)
3 creatures vanquished.

Vanquished Creatures (collateral kills)
  A ball python (D:1)
1 creature vanquished.

Vanquished Creatures (others)
  A kobold (D:1)
1 creature vanquished.

Grand Total: 5 creatures vanquished

Notes
Turn   | Place    | Note
-------+----------+-------------------------------------------
     0 | D:1      | sahdkjhfkaj the Draconian Artificer began the quest for the
                  | Orb.
     0 | D:1      | Reached XP level 1. HP: 16/16 MP: 1/1
   499 | D:1      | Slain by a kobold

Illustrated notes

Levels and vault maps discovered:
D:1:      psy_arrival_dodecagon, layout_loops_ring

Action                   || total
-------------------------++-------
Melee: Club              ||    21
       Tailslap          ||     3
Evoke: Wand              ||     1
Armor: Skin              ||    10
Dodge: Dodged            ||    21

Table legend: (Time is in decaauts)
 A = Elapsed time spent in this place.
 B = Non-inter-level travel time spent in this place.
 C = Inter-level travel time spent in this place.
 D = Time resting spent in this place.
 E = Time spent auto-exploring this place.
 F = Levels seen in this place.
 G = Mean time per level.
                   A        B        C        D        E       F      G
               +--------+--------+--------+--------+--------+-----+--------+
         Total |    505 |    505 |      0 |      0 |    461 |   1 |  505.0 |
       Dungeon |    505 |    505 |      0 |      0 |    461 |   1 |  505.0 |
               +--------+--------+--------+--------+--------+-----+--------+

Top non-repeatable levels by time:
     D:1: 505 daAuts
